[ AOE2 MATCH · #506235082 ]
UnrankedSicilians vs Franks
Player's team · WIN
Rival team · LOSS
[ REPLAY ANALYSIS · EXTRACTED FROM THE RECORDED GAME ]
Feudal
—
Castle
—
Imperial
—
| APM avg | 43.0 |
| APM peak | 122 |
| eAPM avg | 28.1 |
| Villagers / military | 30 / 0 |
Focus
⚔️ 27.7% · 🌾 72.3%
Feudal
12:58
Castle
—
Imperial
—
| APM avg | 21.4 |
| APM peak | 50 |
| eAPM avg | 12.2 |
| Villagers / military | 29 / 1 |
Focus
⚔️ 25.2% · 🌾 74.8%
Militia ×1
Match map
Initial resources + every placement click. Lines = walls · curves = elevation contours. ◆ gold · ⬟ stone · ● berries · ✦ relic · ◌ wall gap
Your base· ✓ Closed at 12:00 · 18t walls · 1 gate(s) · fragile
chris_summer's base· ✓ Closed at 12:00 · 19t walls · 1 gate(s) · fragile
Smoothed initial terrain · ◌ = detected wall gap · hover for details
Inputs per minute
— Papapishu8352 - - chris_summer
Build order — Papapishu8352
47 actions detected in the replay
| 0:01 | Queue | Villager (Male) |
| 0:01 | Queue | Villager (Male) |
| 0:02 | Queue | Villager (Male) |
| 0:02 | Queue | Villager (Male) |
| 0:03 | Build | House |
| 0:05 | Build | House |
| 0:16 | Research | Loom |
| 0:32 | Queue | Villager (Male) |
| 0:32 | Queue | Villager (Male) |
| 1:27 | Queue | Villager (Male) |
| 1:28 | Queue | Villager (Male) |
| 2:18 | Queue | Villager (Male) |
| 2:19 | Queue | Villager (Male) |
| 2:59 | Build | House |
| 3:26 | Queue | Villager (Male) |
| 3:27 | Queue | Villager (Male) |
| 3:51 | Queue | Villager (Male) |
| 3:51 | Queue | Villager (Male) |
| 3:52 | Queue | Villager (Male) |
| 5:12 | Queue | Villager (Male) |
| 5:12 | Queue | Villager (Male) |
| 5:13 | Queue | Villager (Male) |
| 6:05 | Queue | Villager (Male) |
| 6:05 | Queue | Villager (Male) |
| 6:05 | Queue | Villager (Male) |
| 6:11 | Build | Lumber Camp |
| 6:37 | Queue | Villager (Male) |
| 7:27 | Queue | Villager (Male) |
| 7:28 | Queue | Villager (Male) |
| 7:28 | Queue | Villager (Male) |
| 7:36 | Build | Palisade Wall |
| 7:37 | Build | Palisade Wall |
| 7:45 | Build | Palisade Gate |
| 7:47 | Build | Palisade Wall |
| 9:05 | Build | Town Center |
| 9:42 | Build | Town Center |
| 10:43 | Build | Town Center |
| 10:59 | Build | Palisade Wall |
| 11:00 | Build | Palisade Wall |
| 11:24 | Queue | Villager (Male) |
| 11:33 | Build | House |
| 11:56 | Build | House |
| 12:04 | Queue | Villager (Male) |
| 12:37 | Build | Palisade Wall |
| 12:53 | Queue | Villager (Male) |
| 13:29 | Queue | Villager (Male) |
| 14:13 | Queue | Villager (Male) |
Build order — chris_summer
54 actions detected in the replay
| 0:02 | Queue | Villager (Male) |
| 0:02 | Queue | Villager (Male) |
| 0:03 | Queue | Villager (Male) |
| 0:04 | Build | House |
| 0:06 | Build | House |
| 0:48 | Queue | Villager (Male) |
| 1:25 | Build | House |
| 1:31 | Queue | Villager (Male) |
| 1:53 | Build | House |
| 2:13 | Queue | Villager (Male) |
| 2:23 | Build | Lumber Camp |
| 2:39 | Queue | Villager (Male) |
| 3:28 | Queue | Villager (Male) |
| 3:28 | Queue | Villager (Male) |
| 4:25 | Queue | Villager (Male) |
| 4:40 | Build | House |
| 4:49 | Queue | Villager (Male) |
| 4:52 | Queue | Villager (Male) |
| 5:11 | Build | Palisade Wall |
| 5:22 | Build | Mill |
| 5:29 | Research | Loom |
| 5:38 | Queue | Villager (Male) |
| 5:49 | Queue | Villager (Male) |
| 6:08 | Build | Palisade Wall |
| 6:17 | Build | Palisade Gate |
| 6:21 | Queue | Villager (Male) |
| 6:42 | Queue | Villager (Male) |
| 6:59 | Queue | Villager (Male) |
| 7:23 | Build | Barracks |
| 7:25 | Queue | Villager (Male) |
| 7:45 | Build | Barracks |
| 7:47 | Queue | Villager (Male) |
| 8:16 | Build | Farm |
| 8:21 | Build | Farm |
| 8:45 | Queue | Villager (Male) |
| 8:56 | Queue | Militia |
| 9:10 | Build | Farm |
| 9:14 | Build | Farm |
| 9:15 | Queue | Villager (Male) |
| 10:22 | Build | Palisade Wall |
| 10:26 | Build | Palisade Wall |
| 10:48 | Research | Feudal Age |
| 11:58 | Queue | Villager (Male) |
| 12:58 | Age | Feudal Age |
| 13:06 | Build | Watch Tower |
| 13:28 | Queue | Villager (Male) |
| 13:29 | Queue | Villager (Male) |
| 13:30 | Queue | Villager (Male) |
| 13:38 | Build | Market |
| 15:27 | Queue | Villager (Male) |
| 15:27 | Queue | Villager (Male) |
| 16:12 | Queue | Villager (Male) |
| 16:27 | Build | Blacksmith |
| 16:56 | Queue | Villager (Male) |
Match timeline
| 5:11 | chris_summer · wall_segment Palisade Wall x4 |
| 6:08 | chris_summer · wall_segment Palisade Wall x6 |
| 7:23 | chris_summer · first_building Barracks |
| 7:36 | Papapishu8352 · wall_segment Palisade Wall x1 |
| 7:37 | Papapishu8352 · wall_segment Palisade Wall x1 |
| 7:47 | Papapishu8352 · wall_segment Palisade Wall x1 |
| 10:22 | chris_summer · wall_segment Palisade Wall x6 |
| 10:26 | chris_summer · wall_segment Palisade Wall x3 |
| 10:59 | Papapishu8352 · wall_segment Palisade Wall x3 |
| 11:00 | Papapishu8352 · wall_segment Palisade Wall x12 |
| 12:37 | Papapishu8352 · wall_segment Palisade Wall x2 |
| 12:58 | chris_summer · age_up feudal |
| 15:21 | chris_summer · first_market_sell 100 wood |
| 19:50 | chris_summer · resign |
[ AI ANALYSIS · 1 CREDIT ]
What really happened in this match?
Wolo.gg analyzes every decision: build order, eco, micro, common mistakes by bracket. Personalized analysis on WhatsApp or Discord in 30 seconds.
Civ guide
Sicilians
Perfil
Jugador #19470619